 Dungeon Crawl Stone Soup version 0.27-a0-1217-g8a41f320e8 (webtiles) character file.

Game seed: 1168413328131366675

16566 Delamore the Impaler (level 12, -5/86 HPs)
             Began as a Formicid Fighter on June 6, 2021.
             Was an Initiate of Gozag.
             Slain by a catoblepas (23 damage)
             ... on level 2 of the Lair of Beasts.
             The game lasted 00:22:51 (18201 turns).

Delamore the Impaler (Formicid Fighter)            Turns: 18201, Time: 00:22:52

Health: -5/86      AC: 14    Str: 25    XL:     12   Next: 71%
Magic:  12/12      EV:  9    Int:  9    God:    Gozag
Gold:   1233       SH: 18    Dex: 10    Spells: 11/11 levels left

rFire    + . .     SeeInvis +   m - +4 glaive (venom)
rCold    + . .     Faith    .   K - +2 kite shield {rF+}
rNeg     . . .     Spirit   .   y - +1 scale mail {rC+}
rPois    .         Reflect  +   (helmet unavailable)
rElec    .         Harm     .   r - +0 cloak
rCorr    +         Rampage  .   V - +0 pair of gloves
Will     +....                  (no boots)
Stlth    ..........             h - amulet of reflection
HPRegen  0.24/turn              P - +4 ring of protection
MPRegen  0.13/turn              u - ring of resist corrosion

@: studying Conjurations
A: permanent stasis, dig shafts and tunnels, antennae 3, four strong arms
a: Dig, Shaft Self, Renounce Religion, Potion Petition, Call Merchant, Bribe
Branch


You were on level 2 of the Lair of Beasts.
You worshipped Gozag.
Gozag was most pleased with you.
You visited 2 branches of the dungeon, and saw 12 of its levels.

You collected 2160 gold pieces.
You spent 869 gold pieces at shops.
You paid 58 gold pieces to Gozag.

Inventory:

Hand Weapons
 m - a +4 glaive of venom (weapon)
 F - a +0 trident of venom
 M - a +1 trident of freezing
 O - a +0 club
Missiles
 s - 10 boomerangs (quivered)
 B - 2 throwing nets
 C - 3 atropa-tipped darts
 I - 27 poisoned darts
 R - a curare-tipped dart
Armour
 r - a +0 cloak (worn)
 y - a +1 scale mail of cold resistance (worn)
 K - a +2 kite shield of fire resistance (worn)
 V - a +0 pair of gloves (worn)
Jewellery
 h - an amulet of reflection (around neck)
 q - a +4 ring of evasion
 t - a +6 ring of intelligence
 u - a ring of resist corrosion (right hand)
 J - a ring of flight
 P - a +4 ring of protection (left hand)
 S - an amulet of regeneration
Wands
 c - a wand of acid (10)
 E - a wand of iceblast (4)
 W - a wand of flame (17)
Scrolls
 j - 7 scrolls of blinking
 l - a scroll of holy word {unknown}
 o - 2 scrolls of amnesia {unknown}
 p - 2 scrolls of immolation {unknown}
 x - 2 scrolls of magic mapping {unknown}
 A - a scroll of noise {unknown}
 G - a scroll of vulnerability {unknown}
 L - 2 scrolls of fear
 Q - a scroll of brand weapon {unknown}
 T - 3 scrolls of identify
 X - a scroll of teleportation {unknown}
Potions
 b - 3 potions of lignification
 d - 2 potions of might
 e - 4 potions of heal wounds
 f - 5 potions of curing
 g - a potion of brilliance
 i - 3 potions of haste
 k - 2 potions of cancellation
 n - 4 potions of degeneration {unknown}
 v - a potion of invisibility
 w - 2 potions of ambrosia {unknown}
 z - 5 potions of mutation {unknown}
 D - 2 potions of magic {unknown}
 H - 3 potions of flight {unknown}
 N - a potion of attraction {unknown}
Miscellaneous
 a - a condenser vane (inert)
 U - a tin of tremorstones (2/2)


   Skills:
 - Level 5.0 Fighting
 * Level 17.8 Polearms
 - Level 6.0 Throwing
 - Level 5.0 Armour
 - Level 7.0 Shields
 - Level 5.0 Evocations


You had 11 spell levels left.
You didn't know any spells.
Your spell library contained the following spells:

 Spells                   Type           Power      Damage    Failure   Level
 Animate Skeleton         Necr           0%         N/A       80%         1
 Beastly Appendage        Tmut           0%         N/A       80%         1
 Pain                     Necr           0%         1d4       80%         1
 Summon Small Mammal      Summ           0%         N/A       80%         1
 Call Imp                 Summ           0%         N/A       91%         2
 Searing Ray              Conj           0%         3d3       91%         2
 Wereblood                Tmut           0%         N/A       91%         2
 Call Canine Familiar     Summ           0%         N/A       99%         3
 Confusing Touch          Hex            0%         N/A       99%         3
 Gell's Gravitas          Tloc           0%         N/A       99%         3
 Spider Form              Tmut/Pois      0%         N/A       99%         3
 Summon Guardian Golem    Hex/Summ       0%         N/A       99%         3
 Vampiric Draining        Necr           0%         2d6       99%         3
 Animate Dead             Necr           0%         N/A       100%        4
 Cause Fear               Hex            0%         N/A       100%        4
 Ice Form                 Ice/Tmut       0%         N/A       100%        4
 Petrify                  Tmut/Erth      0%         N/A       100%        4
 Summon Ice Beast         Ice/Summ       0%         N/A       100%        4
 Summon Lightning Spire   Summ/Air       0%         N/A       100%        4
 Agony                    Necr           0%         N/A       100%        5
 Hydra Form               Tmut           0%         N/A       100%        5
 Metabolic Englaciation   Hex/Ice        0%         N/A       100%        5
 Silence                  Hex/Air        0%         N/A       100%        5
 Yara's Violent Unravell  Hex/Tmut       0%         3d3       100%        5
 Discord                  Hex            0%         N/A       100%        8


Dungeon Overview and Level Annotations

Branches:
Dungeon (9/15)             Temple (0/1) D:6            Lair (3/6) D:9
  Swamp (0/4) Lair:2
  Snake: Lair:2-4    Spider: Lair:2-4       Orc: D:9-12

Altars:
Elyvilon
Fedhas
Gozag
Hepliaklqana
Kikubaaqudgha
Sif Muna
Trog
Uskayaw
Vehumet

Shops:
D:1 (   D:2 !   D:3 [   D:4 :   D:5 *   D:8 *

Annotations:
D:9 2 transporters, Kinoniko's ghost, novice TrBe


Innate Abilities, Weirdness & Mutations

You cannot be hasted, slowed, berserked, paralysed or teleported.
You can dig through walls and to a lower floor.
You have a pair of large antennae on your head. (SInv)
Your four strong arms can wield two-handed weapons with a shield.


Message History

There is a stone staircase leading up here.
You block the blink frog's attack.
The blink frog blinks!
You climb upwards.
There is a stone staircase leading down here.
You slice the blink frog!!
The blink frog is severely wounded.
You block the blink frog's attack. The blink frog hits you.
* * * LOW HITPOINT WARNING * * *
You slice the blink frog!!
You kill the blink frog!
You now have 1233 gold pieces (gained 9).
You start resting.
HP restored.
There is a stone staircase leading down here.
You climb downwards.
The blink frog hits you! The catoblepas gores you!
You block the blink frog's attack. You block the catoblepas's attack.
There is a stone staircase leading up here.
The blink frog closely misses you. The catoblepas gores you!!
The blink frog hits you.
The blink frog blinks!
You climb upwards.
There is a stone staircase leading down here.
You hit the catoblepas.
The catoblepas is poisoned.
The catoblepas is lightly wounded.
The catoblepas breathes a plume of calcifying dust at you.
The blast of calcifying dust hits you.
You slice the catoblepas!!
The catoblepas is moderately wounded.
You are engulfed in calcifying dust.
The catoblepas breathes a plume of calcifying dust at you.
The blast of calcifying dust hits you. The catoblepas gores you!
* * * LOW HITPOINT WARNING * * *
You slash the catoblepas!
The catoblepas looks as sick as possible!
The catoblepas is heavily wounded.
You slash the catoblepas!
The catoblepas is severely wounded.
The catoblepas gores you!!
You die...
Your body crumbles into a pile of gold.

#.##.##P#.##..####.P......#
#........###.#..#.........#
####P..#...#...###.......##
###
#....##.#..######...########..
#....###....##...............#
#....###...###......#....#.#.#
##....#.....#P.#.#..#####.##.#
#...#.......Y§§§§§^.# ####.#
##...........@..#(.## #.#
#..######.######### #.. ##.#
#..P# ### #.######.##
#.P#.P##.# #........#
###.#P#P## #######


You could see a catoblepas (extremely poisoned).

Vanquished Creatures
  A hydra (Lair:2)
  A two-headed ogre (D:9)
  Sonja (Lair:1)
  Pikel (D:8)
  Maurice (D:9)
  Joseph (Lair:1)
  A gargoyle (D:9)
  A black mamba (Lair:2)
  Maggie (Lair:1)
  5 cane toads
  4 komodo dragons
  Prince Ribbit (D:5)
  A blink frog (Lair:2)
  Sigmund (D:2)
  A shadow (D:9)
  4 wyverns
  9 yaks
  3 steam dragons
  A basilisk (Lair:2)
  Edmund (D:6)
  9 water moccasins
  Duvessa (D:5)
  2 ice beasts
  3 orc warriors
  A sky beast (D:8)
  3 black bears
  8 ogres
  5 wolves (Lair:1)
  2 centaurs
  2 necrophages
  A lemure (D:8)
  A kobold brigand (D:8)
  Blork the orc (D:4)
  18 bullfrogs
  A gnoll sergeant (D:7)
  3 scorpions
  Dowan (D:5)
  9 howler monkeys
  8 wights
  8 electric eels
  2 bullfrog zombies
  A centaur zombie (D:9)
  A jelly (D:5)
  A hound (D:5)
  A bullfrog skeleton (D:6)
  9 orc priests
  Crazy Yiuf (D:3)
  Ijyb (D:5)
  5 iguanas
  12 orc wizards
  A hound skeleton (D:5)
  A howler monkey zombie (D:7)
  A howler monkey skeleton (D:5)
  14 gnolls
  8 adders
  A shadow imp (D:6)
  2 white imps
  An ufetubus (D:6)
  2 adder skeletons (D:4)
  2 worms
  6 dart slugs
  32 orcs
  8 endoplasms
  3 giant cockroaches
  7 goblins
  10 hobgoblins
  10 jackals (D:1)
  3 quokkas
  8 ball pythons
  5 bats
  3 frilled lizards
  14 kobolds
  4 rats
307 creatures vanquished.

Vanquished Creatures (others)
  8 fungi
  87 plants
95 creatures vanquished.

Grand Total: 402 creatures vanquished

Notes
Turn   | Place    | Note
-------+----------+-------------------------------------------
     0 | D:1      | Delamore the Formicid Fighter began the quest for the Orb.
     0 | D:1      | Reached XP level 1. HP: 18/18 MP: 1/1
    47 | D:1      | Reached XP level 2. HP: 20/24 MP: 2/2
   311 | D:1      | Reached XP level 3. HP: 30/30 MP: 3/3
   314 | D:1      | Reached skill level 3 in Polearms
   357 | D:1      | Found Doecach's Antique Weapon Boutique.
   804 | D:1      | Reached XP level 4. HP: 12/37 MP: 4/4
  1007 | D:1      | Identified a scroll of acquirement
  1007 | D:1      | Acquired a manual of Polearms
  1115 | D:2      | Found Dafyaxzint's Distillery.
  1419 | D:2      | Reached skill level 4 in Polearms
  1506 | D:2      | Noticed Sigmund
  1588 | D:2      | Noticed an ogre
  2071 | D:3      | Reached XP level 5. HP: 27/42 MP: 5/5
  2479 | D:3      | Found Peittus's Antique Armour Shop.
  2533 | D:3      | Found a faded altar of an unknown god.
  2575 | D:3      | Became a worshipper of Sif Muna the Loreminder
  2575 | D:3      | Reached * piety under Sif Muna
  2721 | D:3      | Found a radiant altar of Vehumet.
  2831 | D:3      | Found a runed translucent door.
  2832 | D:3      | Noticed Crazy Yiuf
  3151 | D:3      | Killed Crazy Yiuf
  3493 | D:4      | Reached skill level 5 in Polearms
  3504 | D:4      | Noticed a water moccasin
  3532 | D:4      | Killed a water moccasin
  3533 | D:4      | Reached skill level 6 in Polearms
  3533 | D:4      | Reached XP level 6. HP: 13/49 MP: 6/6
  3786 | D:4      | Noticed Blork the orc
  3968 | D:2      | Killed Sigmund
  3969 | D:2      | Reached skill level 5 in Fighting
  3969 | D:2      | Reached skill level 7 in Polearms
  3969 | D:2      | Reached skill level 5 in Shields
  3969 | D:2      | Reached XP level 7. HP: 43/56 MP: 7/7
  4377 | D:2      | Acquired a +1 glaive of venom
  4467 | D:4      | Killed Blork the orc
  4677 | D:4      | Reached skill level 8 in Polearms
  5002 | D:4      | Found Taemes's Book Emporium.
  5158 | D:3      | Reached XP level 8. HP: 16/62 MP: 8/8
  5460 | D:4      | Reached skill level 9 in Polearms
  6124 | D:4      | Reached skill level 10 in Polearms
  6470 | D:5      | Entered Level 5 of the Dungeon
  6538 | D:5      | Noticed Dowan
  6538 | D:5      | Noticed Duvessa
  6588 | D:5      | Killed Duvessa
  6589 | D:5      | Reached skill level 1 in Throwing
  6594 | D:5      | Killed Dowan
  6670 | D:5      | Reached ** piety under Sif Muna
  6671 | D:5      | Reached skill level 11 in Polearms
  6734 | D:5      | Reached XP level 9. HP: 68/68 MP: 9/9
  6745 | D:5      | Found an opulent altar of Gozag.
  6764 | D:5      | Fell from the grace of Sif Muna
  6764 | D:5      | Became a worshipper of Gozag Ym Sagoz the Greedy
  6910 | D:5      | Noticed Ijyb
  6924 | D:5      | Killed Ijyb
  6970 | D:5      | Noticed Prince Ribbit
  6997 | D:5      | Reached skill level 12 in Polearms
  7010 | D:5      | Killed Prince Ribbit
  7366 | D:5      | Found Jiwop's General Store.
  8149 | D:6      | Found a blossoming altar of Fedhas.
  8159 | D:6      | Reached skill level 13 in Polearms
  8516 | D:6      | Noticed Edmund
  8534 | D:6      | Killed Edmund
  8535 | D:6      | Reached XP level 10. HP: 59/74 MP: 10/10
  8619 | D:6      | Found a bloodstained altar of Trog.
  8633 | D:6      | Reached skill level 5 in Throwing
  8793 | D:6      | Found a shimmering blue altar of Sif Muna.
  8806 | D:6      | Identified Sif Muna's Guide on Combat Magic
  9154 | D:6      | Found a hazy altar of Hepliaklqana.
  9163 | D:6      | Found an ancient bone altar of Kikubaaqudgha.
  9286 | D:6      | Found a staircase to the Ecumenical Temple.
  9810 | D:3      | Bought a glowing kite shield for 202 gold pieces
  9898 | D:2      | Bought a potion of heal wounds for 55 gold pieces
  9898 | D:2      | Bought a potion of might for 44 gold pieces
 10641 | D:7      | Reached skill level 14 in Polearms
 10999 | D:7      | Found a white marble altar of Elyvilon.
 11405 | D:5      | Bought a condenser vane for 400 gold pieces
 11569 | D:8      | Found Boufuet's General Store.
 11578 | D:8      | Bought a scroll of fear for 45 gold pieces
 11578 | D:8      | Bought a scroll of identify for 26 gold pieces
 11578 | D:8      | Bought a scroll of enchant weapon for 97 gold pieces
 12110 | D:8      | Found a hide-covered altar of Uskayaw.
 12785 | D:8      | Was forgiven by Sif Muna
 13139 | D:9      | Noticed Pikel
 13164 | D:8      | Killed Pikel
 13165 | D:8      | Reached skill level 15 in Polearms
 13165 | D:8      | Reached XP level 11. HP: 44/79 MP: 11/11
 14968 | D:9      | Found a transporter.
 15148 | D:9      | Noticed Kinoniko's ghost (novice TrBe)
 15198 | D:9      | Found a transporter.
 15223 | D:9      | Noticed a two-headed ogre
 15225 | D:9      | Killed a two-headed ogre
 15226 | D:9      | Reached skill level 16 in Polearms
 15507 | D:9      | Noticed Maurice
 15518 | D:9      | Killed Maurice
 15563 | D:9      | Found a staircase to the Lair.
 15718 | Lair:1   | Entered Level 1 of the Lair of Beasts
 15797 | Lair:1   | Noticed Sonja
 15812 | Lair:1   | Killed Sonja
 15872 | Lair:1   | Noticed Maggie
 15876 | Lair:1   | Killed Maggie
 15905 | Lair:1   | Reached skill level 1 in Evocations
 16052 | Lair:1   | Noticed Joseph
 16064 | Lair:1   | Killed Joseph
 16174 | Lair:1   | Reached XP level 12. HP: 71/86 MP: 12/12
 16222 | Lair:1   | HP: 3/86 [cane toad (15)]
 16230 | Lair:1   | Reached skill level 17 in Polearms
 16803 | Lair:2   | Found a staircase to the Swamp.
 16833 | Lair:2   | Reached skill level 5 in Armour
 17119 | Lair:2   | Noticed a six-headed hydra
 17123 | Lair:2   | Killed a six-headed hydra
 17618 | Lair:3   | Reached skill level 5 in Evocations
 17863 | Lair:3   | Noticed a catoblepas
 18201 | Lair:2   | Slain by a catoblepas

Illustrated notes

Levels and vault maps discovered:
D:1:      lemuel_arrival_cross, layout_rooms, serial_shops,
          nicolae_shop_temple_entry_statues_fountains
D:2:      layout_loops_corners, serial_shops, shop, minmay_hexomino_c4,
          uniq_sigmund
D:3:      layout_loops_corners, nicolae_overflow_hidden_temple, serial_shops,
          shop, ebering_ecumenical_altar_hall, minmay_statues_item,
          uniq_crazy_yiuf_cottage
D:4:      layout_basic, serial_shops, nicolae_shop_stone, minmay_manual_mullet,
          uniq_blork_the_orc
D:5:      wad_crossroads, layout_loops_ring, kennysheep_mini_moat, serial_shops,
          nicolae_shop_competitors_out_of_business,
          hangedman_abyss_or_decor_lesser_grid, uniq_prince_ribbit1,
          uniq_duvessa, uniq_ijyb
D:6:      layout_basic, nzn_overflow_gifts_of_might_and_magic,
          fedhas_altar_fruit_tree, grunt_temple_overflow_open,
          minmay_temple_entry_grid, amcnicky_mini_pool_small,
          kennysheep_diamond, uniq_edmund
D:7:      layout_gridville, lemuel_round_altar
D:8:      layout_cave_pods, lemuel_tele_altar, serial_shops,
          nicolae_shop_statue_plus, serial_bayou, serial_bayou_pond_d,
          serial_bayou_shore_a, serial_bayou_crossing, serial_bayou_pond_c
D:9:      layout_roguey, lair_entry_dummy, serial_bayou, serial_bayou_lagoon_b,
          serial_bayou_pond_a, serial_bayou_shore_b, serial_bayou_ford_a,
          gammafunk_ghost_arena, kennysheep_generic_room_4, uniq_pikel,
          uniq_maurice
Lair:1:   layout_chaotic_city, grunt_megastairs_2, uniq_sonja, uniq_maggie,
          uniq_joseph
Lair:2:   layout_loops_ring, minmay_swamp_entry_eels, grunt_megastairs_1,
          serial_bayou_shore_b
Lair:3:   layout_roguey, minivault_23, chequers_serial_rivers_micro_d,
          grunt_megastairs_3, infiniplex_staircase_pool_2

Skill      XL: |  1  2  3  4  5  6  7  8  9 10 11 12 |
---------------+-------------------------------------+-----
Polearms       | 3 4 6 7 8 11 13 15 16 17 | 17.8
Fighting       | 4 5 |  5.0
Shields        | 4 5 6 7 |  7.0
Throwing       | 2 4 6 |  6.0
Evocations     | 2 5 |  5.0
Armour         | 4 5 |  5.0

Action                   |  1- 3 |  4- 6 |  7- 9 | 10-12 || total
-------------------------+-------+-------+-------+-------++-------
Melee: Trident           |   104 |   163 |   415 |   587 ||  1269
       Glaive            |       |       |       |   248 ||   248
Throw: Boomerang         |       |     3 |    22 |    37 ||    62
       Dart              |       |       |     5 |    19 ||    24
 Abil: Dig               |       |     2 |     3 |     9 ||    14
Evoke: Wand              |       |       |     2 |    11 ||    13
       Condenser vane    |       |       |       |     1 ||     1
  Use: Scroll            |       |     1 |     4 |     6 ||    11
       Potion            |       |     1 |     1 |     2 ||     4
 Stab: Distracted        |       |       |     1 |     3 ||     4
Armor: Scale mail        |    48 |    33 |    46 |   139 ||   266
       Chain mail        |       |       |     7 |       ||     7
Dodge: Dodged            |    48 |    56 |   140 |   166 ||   410
Block: Kite shield       |    64 |    52 |   130 |   326 ||   572

Table legend: (Time is in decaauts)
 A = Elapsed time spent in this place.
 B = Non-inter-level travel time spent in this place.
 C = Inter-level travel time spent in this place.
 D = Time resting spent in this place.
 E = Time spent auto-exploring this place.
 F = Levels seen in this place.
 G = Mean time per level.
                   A        B        C        D        E       F      G
               +--------+--------+--------+--------+--------+-----+--------+
         Total |  18135 |  16980 |   1155 |   4991 |   9012 |  12 | 1511.2 |
       Dungeon |  15661 |  14517 |   1144 |   4462 |   7544 |   9 | 1740.1 |
          Lair |   2474 |   2463 |     11 |    529 |   1467 |   3 |  824.7 |
               +--------+--------+--------+--------+--------+-----+--------+

Top non-repeatable levels by time:
     D:9: 2393 daAuts
     D:3: 2161 daAuts
     D:4: 2149 daAuts
     D:6: 1911 daAuts
     D:8: 1772 daAuts
     D:5: 1767 daAuts
     D:1: 1364 daAuts
     D:2: 1216 daAuts
  Lair:2: 1113 daAuts
  Lair:1: 1017 daAuts
     D:7: 924 daAuts
  Lair:3: 343 daAuts
